 Dungeon Crawl Stone Soup version 0.25-a0-100-g33052ceff8 (webtiles) character file.

Game seed: 9401953745165849155, levelgen mode: deterministic

16354 RedPan the Basher (level 12, -1/89 HPs)
             Began as a Red Draconian Ice Elementalist on Nov 14, 2019.
             Was an Elder of Sif Muna.
             Killed from afar by an ogre mage (34 damage)
             ... with a bolt of lightning
             ... while paralysed by an ogre mage
             ... in a volcano.
             The game lasted 01:02:19 (19659 turns).

RedPan the Basher (Red Draconian Ice Elementalist) Turns: 19659, Time: 01:02:20

Health: -1/89      AC: 11    Str: 10    XL:     12   Next: 9%
Magic:  21/33      EV:  2    Int: 19    God:    Sif Muna [****..]
Gold:   941        SH:  0    Dex: 13    Spells: 15/27 levels left

rFire    + . .     SeeInvis +   B - +4 flail (crush)
rCold    . . .     Gourm    .   d - +2 buckler
rNeg     + . .     Faith    .   (armour unavailable)
rPois    +         Spirit   .   (helmet restricted)
rElec    .         Reflect  .   m - +2 ratskin cloak {+Rats rPois rN+ Str-1 Int-1 Dex+1}
rCorr    .         Harm     .   (no gloves)
MR       .....                  (no boots)
Stlth    ++........             x - amulet of regeneration
HPRegen  0.64/turn              k - ring of magical power
MPRegen  0.23/turn              G - ring of see invisible

@: paralysed, studying Maces & Flails
A: breathe fire, unfitting armour, fire resistance 1, cold-blooded, AC +8
a: Breathe Fire, Channel Magic, Forget Spell, Divine Exegesis, Renounce
Religion, Evoke Ratskin


You were in a volcano.
You worshipped Sif Muna.
Sif Muna was greatly pleased with you.
You were very hungry.

You visited 4 branches of the dungeon, and saw 15 of its levels.
You also visited: Volcano.

You collected 1562 gold pieces.
You spent 621 gold pieces at shops.

Inventory:

Hand Weapons
 e - a +3 dagger of venom
 B - a +4 flail of crushing (weapon)
Armour
 d - a +2 buckler (worn)
 m - the +2 ratskin cloak (worn) {+Rats rPois rN+ Str-1 Int-1 Dex+1}
   (You found it on level 5 of the Dungeon)

   It affects your strength (-1).
   It affects your intelligence (-1).
   It affects your dexterity (+1).
   It protects you from poison.
   It protects you from negative energy.
 H - a +0 shield
Jewellery
 k - a ring of magical power (left hand)
 x - an amulet of regeneration (around neck)
 E - an uncursed ring of protection from cold
 G - a ring of see invisible (right hand)
Wands
 u - a wand of polymorph (19)
 v - a wand of paralysis (5)
 y - a wand of digging (8)
 z - a wand of enslavement (7)
Scrolls
 a - 8 scrolls of remove curse
 h - 4 scrolls of identify
 p - a scroll of teleportation
 q - a scroll of fog
 r - a scroll of enchant armour
 s - a scroll of blinking
 w - 3 scrolls of magic mapping
Potions
 c - 2 potions of berserk rage
 g - a potion of mutation
 i - 3 potions of flight
 j - 6 potions of haste
 l - 2 potions of curing
 o - a potion of brilliance
 t - 2 potions of invisibility
 A - a potion of ambrosia
 C - a potion of magic
Books
 D - a manual of Maces & Flails
Miscellaneous
 F - a crystal ball of energy
Comestibles
 b - 15 rations


   Skills:
 - Level 3.0 Fighting
 + Level 10.1 Maces & Flails
 + Level 8.4 Dodging
 - Level 1.7 Stealth
 - Level 4.1 Shields
 - Level 8.2 Spellcasting
 + Level 7.5 Conjurations
 - Level 6.2 Summonings
 - Level 5.0 Ice Magic
 - Level 6.1 Invocations


You had 15 spell levels left.
You knew the following spells:

 Your Spells              Type           Power        Failure   Level  Hunger
a - Freeze                Ice            ####         1%          1    None
b - Ozocubu's Armour      Chrm/Ice       ###.....     10%         3    None
c - Throw Icicle          Conj/Ice       ####....     7%          4    ###....
d - Summon Ice Beast      Ice/Summ       ####....     9%          4    ###....

Your spell library contained the following spells:

 Spells                   Type           Power        Failure   Level  Hunger
 Sting                    Conj/Pois      ###.         1%          1    None
 Summon Small Mammal      Summ           ####         1%          1    None
 Throw Frost              Conj/Ice       ####..       1%          2    None
 Ensorcelled Hibernation  Hex/Ice        ###...       4%          2    None
 Dazzling Spray           Conj/Hex       ###...       6%          3    None
 Animate Skeleton         Necr           N/A          9%          1    None
 Apportation              Tloc           #.....       9%          1    None
 Confusing Touch          Hex            #.....       9%          1    None
 Corona                   Hex            #......      9%          1    None
 Pain                     Necr           #...         9%          1    None
 Mephitic Cloud           Conj/Pois/Air  ###.....     10%         3    None
 Poisonous Vapours        Pois/Air       #.....       14%         2    None
 Confuse                  Hex            #.......     26%         3    None
 Regeneration             Chrm/Necr      #.........   26%         3    None
 Tukima's Dance           Hex            #.......     26%         3    None
 Vampiric Draining        Necr           #.........   26%         3    None
 Venom Bolt               Conj/Pois      ###.......   47%         5    #####..
 Animate Dead             Necr           N/A          65%         4    ###....
 Olgreb's Toxic Radiance  Pois           #.......     65%         4    ###....


Dungeon Overview and Level Annotations

Branches:
Dungeon (10/15)            Temple (1/1) D:4            Lair (2/6) D:8
  Snake (0/4) Lair:2          Orc (2/2) D:10            Elf (0/3) Orc:2
Volcano (1/1)
  Swamp: Lair:2-4    Shoals: Lair:2-4

Altars:
Ashenzari
Cheibriados
Dithmenos
Elyvilon
Fedhas
Gozag
Hepliaklqana
Kikubaaqudgha
Makhleb
Nemelex Xobeh
Okawaru
Qazlal
Ru
Sif Muna
Trog
Uskayaw
Vehumet
Wu Jian
Xom
Yredelemnul
Zin
The Shining One
Beogh

Shops:
D:4 (   D:10 }*   Orc:2 ***![

Annotations:
D:9 3 runed translucent doors, Roikka's ghost, novice DrWz
D:10 Fannar
Lair:1 1 runed translucent door, Conn's ghost, novice OpFE
Orc:2 2 transporters, vvokhom's ghost, journeyman MiBe


Innate Abilities, Weirdness & Mutations

You can breathe blasts of fire.
Your fiery red scales are hard. (AC +8)
You cannot fit into any form of body armour.
Your flesh is heat resistant. (rF+)
You are cold-blooded and may be slowed by cold attacks.


Message History

The ogre mage gestures wildly while chanting.
The ogre mage seems to speed up.
The two-headed ogre hits you with a cursed -2 giant club!
* * * LOW HITPOINT WARNING * * *
The two-headed ogre hits you with a +0 giant club of flaming.
* * * LOW HITPOINT WARNING * * *
The two-headed ogre burns you.
* * * LOW HITPOINT WARNING * * *
Your ice beast hits the two-headed ogre.
The two-headed ogre dies!
Sif Muna accepts your kill.
Your Maces & Flails skill increases to level 10!
You feel much better.
The air gets thick with the scent of sulphur.
The ogre mage points at you and mumbles some strange words.
You suddenly lose the ability to move!
Your ice beast hits the ogre mage.
Your ice beast freezes the ogre mage!
The ogre mage casts a spell at you. The bolt of lightning hits you!!
You die...

#.....§# ##∩..###
#..∩#.# # # #####.###
# ..#
#####..#########
..###.§.§§§........##
.......§§≈≈≈≈≈≈....
###....≈§≈§≈§≈≈§§§..
#..@Y≈§§§§≈≈§≈§§≈≈§.
##.O).≈≈§≈§§§≈§§§≈§.
#....≈§≈≈§≈≈§≈≈≈≈...
##....§§§≈§§≈≈≈≈...#
#.#....≈≈≈≈≈≈≈...##
##......§........#
#.##....##...#...#
≈O# #############.#
≈≈≈. .##


You could see an ogre mage and a friendly ice beast.

Vanquished Creatures
  3 death yaks
  Nergalle (D:10)
  An orc knight (Orc:2)
  2 spiny frogs (Lair:1)
  A kobold demonologist (Orc:1)
  A komodo dragon (Lair:1)
  5 hippogriffs
  Sigmund (D:2)
  A spriggan (D:7)
  A hungry ghost (D:8)
  Grum (D:8)
  A naga (Lair:2)
  A porcupine (D:8)
  A water moccasin (Lair:1)
  6 orc warriors (Orc:2)
  4 sky beasts
  3 wolves (D:7)
  A necrophage (D:7)
  5 ogres
  9 centaurs
  6 big kobolds (Orc:1)
  2 bullfrogs
  A scorpion (D:5)
  A water moccasin skeleton (D:8)
  A wight (D:7)
  A howler monkey (D:7)
  2 crimson imps
  A bullfrog zombie (D:5)
  6 hounds
  4 jellies
  5 orc priests
  9 orc wizards
  Crazy Yiuf (D:7)
  6 worker ants
  3 iguanas
  2 hell rats
  22 gnolls
  2 worker ant zombies
  8 adders
  2 river rats (D:8)
  2 shadow imps
  2 oozes
  An adder skeleton (D:6)
  3 worms
  9 leopard geckos
  34 orcs
  6 giant cockroaches
  3 goblins
  15 hobgoblins
  19 jackals
  2 quokkas
  2 ball pythons
  5 bats
  9 frilled lizards
  A giant cockroach zombie (D:5)
  15 kobolds
  A quokka zombie (D:6)
  17 rats
280 creatures vanquished.

Vanquished Creatures (collateral kills)
  An ettin (Orc:1)
  Harold (D:7)
  A hydra (Lair:1)
  4 two-headed ogres
  2 orc knights (Orc:1)
  An orc sorcerer (Orc:2)
  A cyclops (Orc:2)
  2 trolls
  3 hippogriffs
  A wyvern (D:9)
  2 wraiths (D:9)
  A steam dragon (D:9)
  A hungry ghost (D:7)
  A warg (Orc:2)
  2 porcupines (Lair:1)
  18 orc warriors
  A black bear (D:9)
  A sky beast (D:7)
  A phantom (D:9)
  An ogre (Orc:2)
  6 centaurs
  5 big kobolds (Orc:1)
  2 bullfrogs (Lair:1)
  A wyvern skeleton (D:9)
  3 wights
  8 killer bees
  A bullfrog zombie (D:5)
  A jelly (D:5)
  5 orc wizards
  A bullfrog skeleton (D:9)
  2 orc priests (Orc:2)
  An iguana (D:9)
  A gnoll (D:7)
  5 adders
  6 river rats (D:5)
  A shadow imp (D:9)
  21 orcs
  5 rats (D:5)
121 creatures vanquished.

Vanquished Creatures (others)
  A fungus (Lair:1)
  4 toadstools (D:6)
5 creatures vanquished.

Grand Total: 406 creatures vanquished

Notes
Turn   | Place    | Note
-------+----------+-------------------------------------------
     0 | D:1      | RedPan the Draconian Ice Elementalist began the quest for
                  | the Orb.
     0 | D:1      | Reached XP level 1. HP: 14/14 MP: 3/3
   325 | D:1      | Reached XP level 2. HP: 13/20 MP: 0/5
  1130 | D:1      | Reached XP level 3. HP: 24/26 MP: 7/7
  1158 | D:1      | Learned a level 3 spell: Ozocubu's Armour
  1946 | D:2      | Noticed Sigmund
  1984 | D:2      | Killed Sigmund
  1984 | D:2      | Reached XP level 4. HP: 26/33 MP: 10/10
  1984 | D:2      | Reached XP level 5. HP: 30/38 MP: 11/11
  1993 | D:2      | Learned a level 4 spell: Throw Icicle
  1998 | D:2      | Learned a level 4 spell: Summon Ice Beast
  2129 | D:2      | Reached skill level 5 in Ice Magic
  2267 | D:2      | Found an ancient bone altar of Kikubaaqudgha.
  2369 | D:2      | Found a glowing golden altar of the Shining One.
  2718 | D:3      | Reached skill level 1 in Summonings
  2754 | D:3      | Reached XP level 6. HP: 37/45 MP: 12/12
  4099 | D:3      | Found a white marble altar of Elyvilon.
  4793 | D:4      | Found Toffiukk's Weapon Shoppe.
  4831 | D:4      | Your scales start taking on a fiery red colour.
  4831 | D:4      | Reached XP level 7. HP: 38/50 MP: 13/13
  4831 | D:4      | Gained mutation: Your flesh is heat resistant. (rF+) [Red
                  | Draconian growth]
  5585 | D:4      | Found a staircase to the Ecumenical Temple.
  5594 | Temple   | Entered the Ecumenical Temple
  5658 | Temple   | Became a worshipper of Sif Muna the Loreminder
  5727 | D:5      | Entered Level 5 of the Dungeon
  5827 | D:5      | Reached skill level 1 in Shields
  6363 | D:5      | Found a sparkling altar of Nemelex Xobeh.
  6645 | D:5      | Reached * piety under Sif Muna
  6645 | D:5      | Reached XP level 8. HP: 47/57 MP: 14/14
  6683 | D:5      | Found the +2 ratskin cloak {+Rats rPois rN+ Str-1 Int-1
                  | Dex+1}
  7073 | D:6      | Reached skill level 5 in Conjurations
  7192 | D:6      | Reached skill level 1 in Invocations
  7290 | D:6      | Reached skill level 5 in Summonings
  7365 | D:6      | Found a bloodstained altar of Trog.
  7389 | D:6      | Reached ** piety under Sif Muna
  7896 | D:6      | Found a stormy altar of Qazlal.
  8302 | D:7      | Noticed a hippogriff
  8318 | D:7      | Killed a hippogriff
  8396 | D:7      | Reached skill level 1 in Fighting
  8719 | D:7      | Reached XP level 9. HP: 56/66 MP: 13/15
  9249 | D:7      | Noticed Harold
  9267 | D:7      | Killed Harold
  9433 | D:7      | Found a glowing silver altar of Zin.
 10076 | D:7      | Found a runed translucent door.
 10077 | D:7      | Noticed Crazy Yiuf
 10085 | D:7      | Killed Crazy Yiuf
 10330 | D:8      | Found a staircase to the Lair.
 10330 | D:8      | Noticed a death yak
 10330 | D:8      | Noticed a death yak
 10377 | D:8      | Noticed Grum
 10390 | D:7      | Reached skill level 5 in Spellcasting
 10872 | D:7      | Reached skill level 5 in Invocations
 11123 | D:8      | Killed Grum
 11419 | D:8      | Found a sparkling altar of Nemelex Xobeh.
 11576 | D:8      | Noticed a death yak
 11876 | D:8      | Reached XP level 10. HP: 76/76 MP: 18/18
 11927 | D:7      | Killed a death yak
 11927 | D:7      | Reached skill level 1 in Maces & Flails
 12232 | D:7      | Killed a death yak
 12232 | D:7      | Reached *** piety under Sif Muna
 12232 | D:7      | Reached skill level 2 in Maces & Flails
 12312 | D:8      | Killed a death yak
 12565 | D:8      | Noticed a two-headed ogre
 12579 | D:8      | Killed a two-headed ogre
 12579 | D:8      | Reached skill level 5 in Dodging
 12579 | D:8      | Reached skill level 5 in Ice Magic
 12894 | D:9      | Reached skill level 3 in Maces & Flails
 13085 | D:9      | Noticed a two-headed ogre
 13104 | D:9      | Killed a two-headed ogre
 13208 | D:9      | Reached skill level 4 in Maces & Flails
 13419 | D:9      | Found a runed translucent gate.
 13419 | D:9      | Found a runed translucent gate.
 13419 | D:9      | Found a runed translucent gate.
 13420 | D:9      | Identified the +6 short sword "Utyipear" {chaos, rElec
                  | Int+4}
 13420 | D:9      | Noticed Roikka's ghost (novice DrWz)
 13520 | D:9      | Found an ornate altar of the Wu Jian Council.
 13813 | D:10     | Entered Level 10 of the Dungeon
 13865 | D:10     | Found Dalela Jugga's Demolitions Depot.
 13941 | D:10     | Found Wiwuc's Gadget Emporium.
 13972 | D:10     | Noticed a death knight
 13973 | D:10     | Noticed a phantasmal warrior
 14163 | D:10     | Found a white marble altar of Elyvilon.
 14289 | D:10     | Noticed Nergalle
 14320 | D:9      | Reached skill level 5 in Maces & Flails
 14445 | D:10     | Killed Nergalle
 14445 | D:10     | Reached XP level 11. HP: 72/82 MP: 12/21
 14569 | D:10     | Noticed Fannar
 14708 | D:10     | Found a staircase to the Orcish Mines.
 14718 | Orc:1    | Entered Level 1 of the Orcish Mines
 14734 | Orc:1    | Reached **** piety under Sif Muna
 14830 | Orc:1    | Found a roughly hewn altar of Beogh.
 14950 | Orc:1    | Noticed an ettin
 14964 | Orc:1    | Killed an ettin
 14964 | Orc:1    | Reached skill level 6 in Maces & Flails
 15614 | Orc:2    | Entered Level 2 of the Orcish Mines
 15719 | Orc:2    | Reached skill level 7 in Maces & Flails
 15945 | Orc:2    | Found a staircase to the Elven Halls.
 15985 | Orc:2    | Noticed an orc sorcerer
 15995 | Orc:2    | Killed an orc sorcerer
 16100 | Orc:2    | Noticed an orc high priest
 16113 | Orc:2    | Found a transporter.
 16383 | Orc:2    | Noticed an orc knight
 16505 | Orc:1    | Killed an orc knight
 16604 | Orc:2    | Reached skill level 8 in Maces & Flails
 16605 | Orc:2    | Reached ***** piety under Sif Muna
 16883 | Orc:2    | Received a gift from Sif Muna
 17061 | Orc:2    | Noticed an orc knight
 17173 | Orc:1    | Killed an orc knight
 17410 | Orc:2    | Noticed an orc knight
 17535 | Orc:2    | Killed an orc knight
 17873 | Orc:2    | Found Mikener's General Store.
 17873 | Orc:2    | Found Doam's Distillery.
 17875 | Orc:2    | Found Ceefionn's Antique Armour Shop.
 17877 | Orc:2    | Found Afuhedd's Assorted Antiques.
 17882 | Orc:2    | Bought a potion of ambrosia for 88 gold pieces
 17882 | Orc:2    | Bought a potion of magic for 88 gold pieces
 17889 | Orc:2    | Bought a wooden ring for 125 gold pieces
 17893 | Orc:2    | Bought a scroll of identify for 50 gold pieces
 17930 | Orc:2    | Found a transporter.
 17930 | Orc:2    | Noticed vvokhom's ghost (journeyman MiBe)
 18085 | Orc:2    | Reached skill level 9 in Maces & Flails
 18214 | Orc:2    | Found Hihawer's General Store.
 18222 | Orc:2    | Bought an uncursed ring of see invisible for 270 gold
                  | pieces
 18388 | Lair:1   | Entered Level 1 of the Lair of Beasts
 18665 | Lair:1   | Found a runed translucent door.
 18665 | Lair:1   | Noticed Conn's ghost (novice OpFE)
 18705 | Lair:1   | Noticed a four-headed hydra
 18714 | Lair:1   | Killed a four-headed hydra
 19129 | Lair:1   | Reached XP level 12. HP: 70/89 MP: 24/24
 19418 | Lair:2   | Found a staircase to the Snake Pit.
 19570 | Lair:2   | Found a dark tunnel.
 19580 | Volcano  | Entered a volcano
 19635 | Volcano  | Noticed an ogre mage
 19635 | Volcano  | Noticed a two-headed ogre
 19643 | Volcano  | Noticed a two-headed ogre
 19652 | Volcano  | Killed a two-headed ogre
 19657 | Volcano  | Killed a two-headed ogre
 19657 | Volcano  | Reached skill level 10 in Maces & Flails
 19658 | Volcano  | Paralysed by an ogre mage for 3 turns
 19659 | Volcano  | Killed from afar by an ogre mage

Levels and vault maps discovered:
D:1:      eino_arrival_cavern_a, layout_loops_ring, grunt_decor_mini_mirrors,
          chequers_serial_rivers_small_3
D:2:      layout_rooms, nicolae_overflow_crystal_walls, lemuel_crystal_altar,
          uniq_sigmund
D:3:      layout_basic, nicolae_overflow_hidden_temple,
          nicolae_underground_beach
D:4:      layout_basic, lemuel_temple_firewalk_b, serial_shops,
          nicolae_shop_temple_entry_statues_fountains
D:5:      wander_guarded_unrand_ratskin, layout_loops_ring, first_ration,
          nemelex_spade_bored_becter
D:6:      layout_loops_corners, grunt_qazlal_clouds, old_standard_altar,
          minmay_gold_behind_fungi
D:7:      layout_basic, zin_statuary, the_bakery, uniq_crazy_yiuf_cottage,
          uniq_harold
D:8:      layout_basic, nemelex_altar_shiori, dpeg_lair_monsters, serial_rivers,
          chequers_serial_rivers_micro_c, chequers_serial_rivers_micro_b,
          chequers_serial_rivers_small_3, chequers_serial_rivers_room_a,
          uniq_grum
D:9:      layout_big_octagon, lemuel_crystal_altar,
          gammafunk_ghost_nasty_kobolds
D:10:     layout_small_grid, orc_0_dummy, serial_shops,
          nicolae_shop_window_shopping, nicolae_blasting_shop, elyvilon_altar_4,
          uniq_fannar, uniq_nergalle
Temple:   zaba_magenta_temple
Lair:1:   layout_cave_pods, gammafunk_ghost_grave
Lair:2:   layout_gridlike, guppyfry_snake_entry_island,
          nicolae_volcano_entry_lava_flow
Orc:1:    layout_caves, special_room [special_room_kobold], mines1_david
Orc:2:    st_orc_rangers, layout_diamond_mine, serial_shops, shop,
          gammafunk_ghost_arena
Volcano:  volcano_pools

Skill      XL: |  1  2  3  4  5  6  7  8  9 10 11 12 |
---------------+-------------------------------------+-----
Spellcasting   | 4 5 7 8 |  8.2
Ice Magic      | 4 5 4 5 |  5.0
Summonings     | 1 3 4 5 6 |  6.2
Conjurations   | 3 4 6 7 |  7.5
Shields        | 2 4 |  4.1
Invocations    | 3 5 6 |  6.1
Fighting       | 1 3 |  3.0
Dodging        | 2 4 6 8 |  8.4
Maces & Flails | 5 9 10 | 10.1
Stealth        | |  1.7

Action                   |  1- 3 |  4- 6 |  7- 9 | 10-12 || total
-------------------------+-------+-------+-------+-------++-------
Melee: Club              |    27 |       |       |       ||    27
       Unarmed           |    11 |       |       |       ||    11
       Tailslap          |     7 |     9 |    24 |    37 ||    77
       Dagger            |    34 |   105 |   180 |       ||   319
       Flail             |       |       |     6 |   340 ||   346
 Cast: Freeze            |    51 |   103 |   263 |   102 ||   519
       Ozocubu's Armour  |       |     1 |     1 |       ||     2
       Summon Ice Beast  |       |       |    33 |   182 ||   215
       Throw Icicle      |       |       |       |    12 ||    12
 Abil: Evoke Ratskin     |       |       |     2 |       ||     2
       Breathe Fire      |       |       |     1 |       ||     1
  Use: Potion            |     2 |       |       |     2 ||     4
       Scroll            |       |     7 |    13 |     7 ||    27
 Stab: Sleeping          |     2 |     3 |     4 |     3 ||    12
       Distracted        |       |       |       |     2 ||     2
  Eat: Chunk             |     4 |     9 |    30 |    40 ||    83
       Ration            |       |       |     1 |     2 ||     3
Armor: Skin              |    43 |    51 |   125 |   150 ||   369
Dodge: Dodged            |    92 |    95 |   279 |   375 ||   841
Block: Buckler           |       |       |    61 |   166 ||   227

Table legend:
 A = Non-vault XP
 B = Vault XP
 C = Vault XP percentage of total XP
 D = Non-vault monster count
 E = Vault monster count
 F = Vault count percentage of total count
                 A         B        C        D         E       F
            +---------+---------+-------+---------+---------+-------
      Total |   13513 |    9851 |  42.2 |     306 |      95 |  23.7
            +---------+---------+-------+---------+---------+-------
        D:1 |      58 |       0 |   0.0 |      32 |       0 |   0.0
        D:2 |      75 |     223 |  74.8 |      24 |       1 |   4.0
        D:3 |     329 |       0 |   0.0 |      46 |       0 |   0.0
        D:4 |     257 |       0 |   0.0 |      12 |       0 |   0.0
        D:5 |     537 |      95 |  15.0 |      20 |      21 |  51.2
        D:6 |     593 |       0 |   0.0 |      18 |       0 |   0.0
        D:7 |    1225 |    2202 |  64.3 |      28 |       8 |  22.2
        D:8 |    1458 |     915 |  38.6 |      17 |       6 |  26.1
        D:9 |    2175 |       0 |   0.0 |      26 |       0 |   0.0
       D:10 |     796 |     656 |  45.2 |      18 |       1 |   5.3
     Lair:1 |    2629 |       0 |   0.0 |      13 |       0 |   0.0
     Lair:2 |       0 |     153 | 100.0 |       0 |       1 | 100.0
      Orc:1 |    1260 |    1922 |  60.4 |      18 |      20 |  52.6
      Orc:2 |    2121 |    2343 |  52.5 |      34 |      35 |  50.7
    Volcano |       0 |    1342 | 100.0 |       0 |       2 | 100.0
            +---------+---------+-------+---------+---------+-------
